 Dungeon Crawl Stone Soup version 0.18-a0-1078-gebb93d0 (webtiles) character file.

1953 gorblad the Skirmisher (level 8, -4/129 (130) HPs)
             Began as a Troll Berserker on Jan 14, 2016.
             Was an Elder of Trog.
             Slain by a centaur (7 damage)
             ... on level 7 of the Dungeon.
             The game lasted 00:10:59 (4681 turns).

gorblad the Skirmisher (Troll Berserker)            Turns: 4681, Time: 00:11:00

HP:   -4/129 (130)  AC:  7    Str: 33    XL:     8   Next: 99%
MP:   7/7           EV: 11    Int:  3    God:    Trog [****..]
Gold: 373           SH:  0    Dex:  9    Spells: 0 memorised, 7 levels left

rFire  . . .     SeeInvis .       - Unarmed
rCold  . . .     Gourm    +     a - +1 animal skin
rNeg   . . .     Faith    .     (no shield)
rPois  .         Spirit   .     (helmet restricted)
rElec  .         Dismiss  .     s - +0 cloak
rCorr  .         Reflect  .     (gloves unavailable)
SustAt +         Harm     .     (boots unavailable)
MR     +++..                    (no amulet)
Stlth  ..........               q - ring of sustain attributes
                                l - ring of protection from magic

@: berserking (expiring), lethally poisoned (-4 -> -4), regenerating, very
quick, extremely resistant to hostile enchantments, extremely unstealthy
A: unfitting armour, claws 3, fast metabolism 3, gourmand, regeneration 2,
shaggy fur 1, tough skin 2
a: Berserk, Trog's Hand, Brothers in Arms, Burn Spellbooks, Renounce Religion


You were on level 7 of the Dungeon.
You worshipped Trog.
Trog was greatly pleased with you.
You were completely stuffed.

You visited 1 branch of the dungeon, and saw 7 of its levels.

You collected 373 gold pieces.

Inventory:

Armour
 a - a +1 animal skin (worn)
 s - a +0 cloak (worn)
Jewellery
 l - a ring of protection from magic (left claw)
 q - a ring of sustain attributes (right claw)
 E - an uncursed amulet of rage
Wands
 C - a wand of cold (7/15)
Scrolls
 c - 6 scrolls of teleportation
 h - a scroll of recharging
 j - a scroll of enchant weapon
 t - a scroll of remove curse
 w - 3 scrolls of fear
Potions
 e - a potion of cancellation
 f - a potion of magic
 i - 2 potions of curing
 k - a potion of might {unknown}
 n - 4 potions of flight
 r - a potion of heal wounds
 v - 3 potions of brilliance {unknown}
 x - a potion of mutation {unknown}
 z - a potion of cure mutation {unknown}
 A - a potion of ambrosia {unknown}
 D - a potion of agility {unknown}
Books
 o - an Akashic Record

   Spells                             Type                      Level
   a - Dispersal                      Translocation                6
   b - Malign Gateway                 Summoning/Translocation      7
   c - Disjunction                    Translocation                8
   d - Controlled Blink               Translocation                8
   Trog disapproves of the use of such an item.
 u - a Grand Grimoire

   Spells                             Type                      Level
   a - Monstrous Menagerie            Summoning                    7
   b - Summon Greater Demon           Summoning                    7
   c - Malign Gateway                 Summoning/Translocation      7
   d - Summon Horrible Things         Summoning                    8
   Trog disapproves of the use of such an item.
 B - a book of Conjurations

   Spells                             Type                      Level
   a - Magic Dart                     Conjuration                  1
   b - Searing Ray                    Conjuration                  2
   c - Dazzling Spray                 Conjuration/Hexes            3
   d - Fulminant Prism                Conjuration/Hexes            4
   e - Iskenderun's Mystic Blast      Conjuration                  4
   f - Iskenderun's Battlesphere      Conjuration/Charms           5
   Trog disapproves of the use of such an item.
Comestibles
 b - 6 bread rations
 d - 2 beef jerkies
 g - 2 slices of pizza
 m - 3 meat rations
 p - 3 fruits


   Skills:
 - Level 7.4 Fighting
 + Level 6.3 Dodging
 - Level 5.1 Unarmed Combat


You had 7 spell levels left.
You didn't know any spells.

Dungeon Overview and Level Annotations

Branches:
Dungeon (7/15)             Temple (0/1) D:4

Altars:
Cheibriados
Fedhas
Kikubaaqudgha
Makhleb
Nemelex Xobeh
Okawaru
Pakellas
Ru
Vehumet
Xom
Zin

Shops:
D:5 }


Innate Abilities, Weirdness & Mutations

You are too large for most types of armour.
You have claws for hands.
Your metabolism is lightning-fast.
You like to eat raw meat.
You heal very quickly.
You are covered in fur (AC +1).
You have very tough skin (AC +2).


Message History

You closely miss the giant gecko.
You feel sick.
The giant gecko bites you but does no damage.
You barely miss the giant gecko.
You feel sick.
The centaur unwields an uncursed shortbow.
The centaur closely misses you.
You scratch the centaur.
The centaur is moderately wounded.
You feel sick.
The giant gecko bites you but does no damage.
The centaur hits you!
* * * LOW HITPOINT WARNING * * *
You closely miss the centaur.
The centaur is moderately wounded.
You feel sick.
The giant gecko bites you but does no damage.
The centaur completely misses you.
You scratch the centaur.
The centaur is heavily wounded.
You feel sick. The centaur hits you!
You die...

#............#
#..........###
#..........#
#..........#
#..........###
#.(.......(..#
........<...#....
##........(.####(
#####.##@### ...
#cl.# #...
l5#....
#......####...
#..).... .(
#....... ......#
.......#


You could see a centaur, an iguana, a shadow imp and a giant gecko.

Vanquished Creatures
  The ghost of gorblad the Protected, a novice TeGl of Dithmenos (D:7)
  Sigmund (D:6)
  Eustachio (D:4)
  A necrophage (D:5)
  3 ice beasts (D:5)
  An ogre (D:6)
  A giant frog (D:6)
  A scorpion (D:5)
  3 crimson imps
  3 orc priests
  4 hounds
  A giant frog skeleton (D:6)
  4 orc wizards
  3 worker ants
  A hound skeleton (D:6)
  Robin (D:3)
  6 adders
  3 oozes
  An adder skeleton (D:5)
  A worm (D:5)
  2 giant geckos (D:4)
  17 orcs
  7 bats
  5 giant cockroaches
  11 goblins
  13 hobgoblins
  15 jackals
  9 quokkas
  5 giant newts
  3 kobolds
  3 rats
  3 bushes (D:3)
134 creatures vanquished.

Notes
Turn   | Place    | Note
--------------------------------------------------------------
     0 | D:1      | gorblad the Troll Berserker began the quest for the Orb.
     0 | D:1      | Reached XP level 1. HP: 22/22 MP: 0/0
   347 | D:1      | Reached XP level 2. HP: 26/29 MP: 1/1
   603 | D:1      | You fall through a shaft!
   710 | D:2      | Reached skill level 4 in Unarmed Combat
   744 | D:2      | Reached ** piety under Trog
   744 | D:2      | Reached XP level 3. HP: 36/36 MP: 2/2
   760 | D:2      | Found a snail-covered altar of Cheibriados.
  1450 | D:3      | Noticed Robin
  1486 | D:3      | Killed Robin
  1486 | D:3      | Reached skill level 5 in Unarmed Combat
  1486 | D:3      | Reached XP level 4. HP: 42/44 MP: 3/3
  1521 | D:3      | Found a faded altar to an unknown god.
  1863 | D:3      | Reached *** piety under Trog
  2656 | D:4      | Reached XP level 5. HP: 50/53 MP: 4/4
  2696 | D:4      | Found an ancient bone altar of Kikubaaqudgha.
  2703 | D:4      | Found a glowing silver altar of Zin.
  2797 | D:4      | Noticed Eustachio
  2811 | D:4      | Killed Eustachio
  2811 | D:4      | Reached XP level 6. HP: 62/65 MP: 5/5
  2814 | D:4      | Reached skill level 5 in Fighting
  2944 | D:4      | Found a blossoming altar of Fedhas.
  3064 | D:4      | Found a staircase to the Ecumenical Temple.
  3088 | D:4      | Reached XP level 7. HP: 20/72 MP: 6/6
  3205 | D:4      | Found a sacrificial altar of Ru.
  3319 | D:4      | Reached **** piety under Trog
  3429 | D:5      | Entered Level 5 of the Dungeon
  3464 | D:5      | Found Unomiu's Gadget Emporium.
  3478 | D:5      | Reached skill level 6 in Fighting
  3552 | D:5      | Found an iron altar of Okawaru.
  3774 | D:5      | Found an oddly glowing altar of Pakellas.
  3828 | D:5      | Reached skill level 7 in Fighting
  3847 | D:5      | Found a radiant altar of Vehumet.
  3848 | D:5      | Found a burning altar of Makhleb.
  3871 | D:5      | Reached XP level 8. HP: 49/86 MP: 7/7
  4011 | D:6      | Found a shimmering altar of Xom.
  4040 | D:6      | Noticed Sigmund
  4049 | D:6      | Killed Sigmund
  4287 | D:6      | Found a sparkling altar of Nemelex Xobeh.
  4428 | D:6      | Reached skill level 5 in Dodging
  4658 | D:7      | Noticed gorblad's ghost (novice TeGl)
  4676 | D:7      | Killed gorblad's ghost
  4679 | D:7      | HP: 4/129 [centaur (7)]
  4681 | D:7      | Slain by a centaur

Vault maps used:
D:1:      saegor_arrival_miasma
D:2:      lemuel_doored_altar
D:3:      ecumenical_altar_1, serial_forest, infiniplex_forest_pool,
          infiniplex_forest_clump_diagonal, infiniplex_forest_end_2,
          infiniplex_forest_clump_double, infiniplex_forest_lined_corner,
          infiniplex_forest_lined_1, first_bread, kennysheep_boxes, uniq_robin
D:4:      fedhas_altar_3, lemuel_round_altar, amethyst_overflow_temple_binary,
          minmay_temple_entry_mist, uniq_eustachio
D:5:      grunt_temple_overflow_lords_of_destruction, kennysheep_mini_moat,
          okawaru_trees_1, serial_shops, shop, minmay_hedge_maze
D:6:      old_standard_altar, nemelex_xobeh_ov_fountains_minmay, uniq_sigmund
D:7:      grunt_dithmenos_shadows, serial_undead, serial_undead_b,
          serial_undead_b, serial_undead_f, serial_undead_a, serial_undead_e,
          serial_undead_e

Action                   |  1- 3 |  4- 6 |  7- 9 || total
-------------------------+-------+-------+-------++-------
Melee: Unarmed           |   104 |   200 |   176 ||   480
Invok: Berserk           |       |     1 |     2 ||     3
       Trog's Hand       |       |       |     1 ||     1
  Use: Scroll            |    11 |     5 |     4 ||    20
 Stab: Sleeping          |     1 |     1 |       ||     2
  Eat: Chunk             |    19 |    16 |    16 ||    51
